 Dungeon Crawl Stone Soup version 0.30-a0-739-gea05faddec (webtiles) character file.

Game seed: 14759634203913266801

2766 Sabo the Geomancer (level 9, -5/46 HPs)
             Began as a Gargoyle Earth Elementalist on Feb 4, 2023.
             Was a Believer of Makhleb.
             Slain by Valagong's ghost (15 damage)
             ... on level 6 of the Dungeon.
             The game lasted 00:48:19 (6914 turns).

Sabo the Geomancer (Gargoyle Earth Elementalist)    Turns: 6914, Time: 00:48:20

Health: -5/46      AC: 19    Str: 13    XL:     9   Next: 69%
Magic:  0/19       EV: 11    Int: 25    God:    Makhleb [**....]
Gold:   457        SH:  0    Dex: 10    Spells: 15/22 levels left

rFire   . . .      SeeInvis .    m - staff of earth
rCold   . . .      Faith    .    (no shield)
rNeg    + + +      Spirit   +    H - +0 acid dragon scales
rPois   ∞          Reflect  .    F - +0 helmet
rElec   +          Harm     .    l - +2 cloak
rCorr   +          Rampage  .    j - +1 pair of gloves
Will    .....                    B - +0 pair of boots
Stlth   ++                       f - amulet "Jiemakho" {Spirit rN++ Int+6}
HPRegen 0.27/turn                D - ring of wizardry
MPRegen 0.16/turn                (no ring)

@: mighty
A: sickness immunity, AC +6, negative energy resistance 1, electricity
resistance, torment resistance 1, petrification resistance
a: Renounce Religion, Minor Destruction


You were on level 6 of the Dungeon.
You worshipped Makhleb.
Makhleb was pleased with you.
You visited 1 branch of the dungeon, and saw 6 of its levels.
You also visited: Ossuary.

You collected 457 gold pieces.

Inventory:

Hand Weapons
 e - a +0 sling
 u - a +4 spear of freezing
Missiles
 A - a silver javelin (quivered)
 E - a throwing net
Armour
 j - a +1 pair of gloves (worn)
 l - a +2 cloak (worn)
 B - a +0 pair of boots (worn)
 F - a +0 helmet (worn)
 H - +0 acid dragon scales (worn)
Magical Staves
 m - a staff of earth (weapon)
Jewellery
 f - the amulet "Jiemakho" (around neck) {Spirit rN++ Int+6}
   (You acquired it on level 3 of the Dungeon)

   [amulet of guardian spirit]

   It causes incoming damage to be divided between your reserves of health and
   magic.
   Int:       It affects your intelligence (+6).
   rN:        It greatly protects you from negative energy.
 D - a ring of wizardry (left hand)
Wands
 a - a wand of polymorph (10)
 c - a wand of flame (25)
 s - a wand of light (3)
Scrolls
 g - 2 scrolls of fog
 k - 3 scrolls of teleportation
 n - a scroll of vulnerability
 q - a scroll of enchant weapon
 r - a scroll of magic mapping
 y - a scroll of silence
 z - a scroll of poison {unknown}
Potions
 b - a potion of magic
 d - 4 potions of curing
 h - a potion of invisibility
 i - 4 potions of might
 o - a potion of heal wounds {unknown}
 p - 2 potions of attraction {unknown}
 t - 3 potions of mutation
 v - a potion of flight {unknown}
 w - 2 potions of resistance {unknown}
 x - 2 potions of degeneration {unknown}
 C - a potion of ambrosia {unknown}
 G - a potion of cancellation {unknown}


   Skills:
 + Level 0.7 Fighting
 * Level 5.3 Staves
 + Level 1.2 Armour
 + Level 2.0 Dodging
 + Level 3.5 Stealth
 + Level 7.1 Spellcasting
 + Level 0.2 Conjurations
 + Level 0.7 Transmutations
 + Level 9.3 Earth Magic
 * Level 3.8 Evocations


You had 15 spell levels left.
You knew the following spells:

 Your Spells              Type           Power      Damage    Failure   Level
a - Sandblast             Erth           100%       2d20      1%          1
b - Stone Arrow           Conj/Erth      98%        3d13      1%          3
c - Kindle Blastsparks    Fire/Tloc/Air  16%        2d11      12%         3

Your spell library contained the following spells:

 Spells                   Type           Power      Damage    Failure   Level
 Passwall                 Tmut/Erth      41%        N/A       1%          2
 Lee's Rapid Deconstruct  Erth           35%        3d18*     2%          5
 Magic Dart               Conj           40%        1d5       3%          1
 Petrify                  Tmut/Erth      50%        N/A       4%          4
 Searing Ray              Conj           20%        2d5       5%          2
 Ensorcelled Hibernation  Hex/Ice        16%        N/A       6%          2
 Spider Form              Tmut/Pois      10%        N/A       11%         3
 Anguish                  Hex/Necr       4%         N/A       34%         4
 Fulminant Prism          Conj/Hex       4%         3d5       34%         4
 Iskenderun's Mystic Bla  Conj/Tloc      9%         2d4       34%         4


Dungeon Overview and Level Annotations

Branches:
Dungeon (6/15)             Temple (0/1) D:5         Ossuary (visited)

Altars:
Elyvilon
Fedhas
Makhleb
Wu Jian
Yredelemnul
The Shining One

Annotations:
D:6 Valagong's ghost, novice MiFi


Innate Abilities, Weirdness & Mutations

You are immune to sickness and miasma.
Your stone body is resilient. (AC +6)
You are immune to poison.
You resist negative energy. (rN+)
You are resistant to electric shocks. (rElec)
You are resistant to unholy torment.
You are immune to petrification.


Message History

Valagong's ghost hits you but does no damage.
Valagong's ghost hits you.
* * * LOW HITPOINT WARNING * * *
Valagong's ghost freezes you.
* * * LOW HITPOINT WARNING * * *
Throw: 2 javelins (silver)
Press: ? - help, Q - select action, (/) - cycle Shift-Dir - straight line, f/p - Valagong's ghost
Aim: Valagong's ghost, wielding a weapon of freezing (lightly damaged, 58% to hit)
You throw a silver javelin.
The silver javelin pierces through Valagong's ghost but does no damage.
Valagong's ghost is lightly damaged.
The silver javelin pierces through the spectral centaur but does no damage.
The spectral centaur is moderately damaged.
Valagong's ghost barely misses you.
You feel better.
Valagong's ghost shouts, "You must not succeed where I failed!"
Valagong's ghost hits you but does no damage.
Aiming: Bolt of Light
Press: ? - help, Shift-Dir - straight line, f/p - Valagong's ghost
Aim: Valagong's ghost, wielding a weapon of freezing (lightly damaged, 77% to hit)
The bolt of light misses Valagong's ghost.
The bolt of light hits the spectral centaur!
The spectral centaur is almost destroyed.
The spectral centaur is blinded.
Valagong's ghost hits you.
* * * LOW HITPOINT WARNING * * *
Valagong's ghost freezes you.
* * * LOW HITPOINT WARNING * * *
You feel better.
Valagong's ghost hits you but does no damage.
Hit: m) staff of earth
Press: ? - help, Dir - move target, f/p - Valagong's ghost
Aim: Valagong's ghost, wielding a weapon of freezing (lightly damaged, about 35% to evade your staff of earth)
You barely miss Valagong's ghost.
Valagong's ghost is lightly damaged.
Valagong's ghost hits you!
* * * LOW HITPOINT WARNING * * *
Valagong's ghost freezes you.
* * * LOW HITPOINT WARNING * * *
You feel better. Valagong's ghost hits you!
You die...

'.#.........########.#.#
#...........# #.....#.#
###.........####.###.#.#
#
#.........#....#...#.####
#...........##...###...<#
#.......##.###.#. ######
#.......##.###.###
#................#
#.......##.###@#.# #
##############W#.# #
#.#.#.#Z#.# #
#.....#..Z### .
##....'.....# #
#./...'...#.# ##)...'..##
# #.....#(.# #.#.#.####


You could see a spectral centaur (blind) and Valagong's ghost.

Vanquished Creatures
  Maggie (D:6)
  An unseen horror zombie (D:6)
  An unseen horror skeleton (D:6)
  Grinder (D:3)
  Sigmund (D:5)
  Menkaure (D:5)
  An ice beast (D:6)
  3 ogres (D:5)
  2 phantoms
  A gnoll sergeant (D:5)
  A bullfrog (D:6)
  2 water moccasin zombies (Ossuary)
  A wight (Ossuary)
  2 howler monkeys
  2 centaur zombies (Ossuary)
  2 bullfrog zombies (Ossuary)
  2 hounds
  Ijyb (D:5)
  A gnoll bouda (D:5)
  4 orc wizards
  A spectral killer bee (D:6)
  An ogre zombie (Ossuary)
  9 gnolls (D:5)
  7 adders
  A shadow imp (D:5)
  2 white imps
  An adder zombie (Ossuary)
  2 dart slugs
  14 orcs
  7 endoplasms
  A giant cockroach (D:4)
  4 gnoll zombies (Ossuary)
  6 hobgoblins
  2 jackals (D:4)
  2 quokkas
  3 ball pythons
  7 bats
  4 frilled lizards
  10 goblins
  A goblin zombie (Ossuary)
  3 hobgoblin zombies (Ossuary)
  9 kobolds
  4 orc zombies (Ossuary)
  6 rats
138 creatures vanquished.

Notes
Turn   | Place    | Note
-------+----------+-------------------------------------------
     0 | D:1      | Sabo the Gargoyle Earth Elementalist began the quest for
                  | the Orb.
     0 | D:1      | Reached XP level 1. HP: 10/10 MP: 3/3
   344 | D:1      | Reached XP level 2. HP: 15/15 MP: 3/5
   473 | D:1      | Reached skill level 4 in Earth Magic
  1289 | D:2      | Reached XP level 3. HP: 19/19 MP: 4/6
  1850 | D:2      | Found a basalt altar of Yredelemnul.
  1881 | D:2      | Learned a level 3 spell: Stone Arrow
  2100 | D:2      | Reached XP level 4. HP: 24/24 MP: 6/8
  2422 | D:3      | Noticed Grinder
  2434 | D:3      | Killed Grinder
  2435 | D:3      | Reached skill level 1 in Staves
  2435 | D:3      | Reached skill level 5 in Earth Magic
  2435 | D:3      | Reached XP level 5. HP: 7/28 MP: 1/11
  2435 | D:3      | Reached XP level 6. HP: 8/32 MP: 1/12
  2551 | D:3      | Found an ornate altar of the Wu Jian Council.
  2562 | D:3      | Found a white marble altar of Elyvilon.
  2673 | D:3      | Found a faded altar of an unknown god.
  3227 | D:3      | Identified a scroll of acquirement
  3230 | D:3      | Acquired the amulet "Jiemakho" {Spirit rN++ Int+6}
  3546 | D:3      | Found a burning altar of Makhleb.
  3560 | D:3      | Became a worshipper of Makhleb the Destroyer
  3701 | D:4      | Found a sand-covered staircase.
  3806 | Ossuary  | Entered an ossuary
  3979 | Ossuary  | Reached skill level 6 in Earth Magic
  3979 | Ossuary  | Reached XP level 7. HP: 36/36 MP: 8/13
  4033 | Ossuary  | Reached skill level 1 in Evocations
  4192 | Ossuary  | Noticed a silent spectre
  4300 | D:4      | Reached * piety under Makhleb
  4722 | D:4      | Reached skill level 5 in Spellcasting
  4908 | D:5      | Entered Level 5 of the Dungeon
  4990 | D:5      | Reached XP level 8. HP: 41/41 MP: 12/15
  5019 | D:5      | Found a staircase to the Ecumenical Temple.
  5027 | D:5      | Noticed Ijyb
  5037 | D:5      | Paralysed by Ijyb for 5 turns
  5038 | D:5      | Reached skill level 7 in Earth Magic
  5045 | D:5      | Killed Ijyb
  5312 | D:5      | Reached ** piety under Makhleb
  5474 | D:5      | Found a glowing golden altar of the Shining One.
  5478 | D:5      | Reached skill level 8 in Earth Magic
  5560 | D:5      | Learned a level 3 spell: Kindle Blastsparks
  5779 | D:5      | Noticed Menkaure
  5782 | D:5      | Killed Menkaure
  5836 | D:5      | Noticed Sigmund
  5859 | D:5      | Killed Sigmund
  5860 | D:5      | Reached XP level 9. HP: 31/45 MP: 9/18
  5999 | D:6      | Found a blossoming altar of Fedhas.
  6100 | D:6      | Found a basalt altar of Yredelemnul.
  6109 | D:6      | Noticed Maggie
  6116 | D:6      | Killed Maggie
  6279 | D:6      | Reached skill level 9 in Earth Magic
  6348 | D:6      | Reached skill level 5 in Staves
  6877 | D:6      | Found a runed translucent gate.
  6877 | D:6      | Found a runed translucent gate.
  6877 | D:6      | Found a runed translucent gate.
  6879 | D:6      | Noticed Valagong's ghost (novice MiFi)
  6894 | D:6      | Reached skill level 1 in Armour
  6914 | D:6      | Slain by Valagong's ghost

Illustrated notes

Levels and vault maps discovered:
D:1:      dpeg_arrival_subterranean_lakeside_camping, layout_basic
D:2:      layout_basic, basic_altar, roderic_st_hans_cross
D:3:      layout_loops_ring, mainiacjoe_overflow_concentric_impassable,
          nicolae_overflow_squiral, shapermc_ecumenical_altar_totnotflames,
          kennysheep_cluttered_room, uniq_grinder
D:4:      layout_rooms, nicolae_ossuary_entry_monument, wad_floor_pattern_1,
          kennysheep_generic_room_6
D:5:      layout_rooms, mainiacjoe_overflow_six_doors_small,
          minmay_temple_entry_statues_pillars, uniq_sigmund, uniq_menkaure,
          uniq_ijyb
D:6:      layout_basic, mainiacjoe_overflow_chevrons,
          mainiacjoe_overflow_24_doors, gammafunk_ghost_necromancy, uniq_maggie

Skill      XL: |  1  2  3  4  5  6  7  8  9 |
---------------+----------------------------+-----
Earth Magic    | 4 5 6 8 9 |  9.3
Spellcasting   | 4 5 6 7 |  7.1
Staves         | 1 2 3 4 5 |  5.3
Stealth        | 3 |  3.5
Evocations     | 2 3 |  3.8
Dodging        | 2 |  2.0
Armour         | 1 |  1.2
Fighting       | |  0.7
Conjurations   | |  0.2
Transmutations | |  0.7

Action                     |  1- 3 |  4- 6 |  7- 9 || total
---------------------------+-------+-------+-------++-------
  Melee: Whip              |     5 |       |       ||     5
         Staff             |     1 |    21 |    22 ||    44
         Punch             |       |       |     1 ||     1
  Throw: Javelin           |       |       |     3 ||     3
   Cast: Sandblast         |    39 |    49 |    86 ||   174
         Stone Arrow       |       |       |    15 ||    15
  Evoke: Wand              |       |       |     1 ||     1
    Use: Scroll            |     4 |     7 |     5 ||    16
         Potion            |       |       |     8 ||     8
   Stab: Sleeping          |       |     1 |       ||     1
 Armour: Robe              |     3 |    15 |    13 ||    31
         Acid dragon scale |       |       |    25 ||    25
  Dodge: Dodged            |     4 |    31 |    48 ||    83

Table legend: (Time is in decaauts)
 A = Elapsed time spent in this place.
 B = Non-inter-level travel time spent in this place.
 C = Inter-level travel time spent in this place.
 D = Time resting spent in this place.
 E = Time spent auto-exploring this place.
 F = Levels seen in this place.
 G = Mean time per level.
                   A        B        C        D        E       F      G
               +--------+--------+--------+--------+--------+-----+--------+
         Total |   7017 |   7017 |      0 |   2082 |      0 |   7 | 1002.4 |
       Dungeon |   6571 |   6571 |      0 |   1864 |      0 |   6 | 1095.2 |
       Ossuary |    446 |    446 |      0 |    218 |      0 |   1 |  446.0 |
               +--------+--------+--------+--------+--------+-----+--------+

Top non-repeatable levels by time:
     D:1: 1309 daAuts
     D:3: 1204 daAuts
     D:2: 1128 daAuts
     D:5: 1076 daAuts
     D:6: 942 daAuts
     D:4: 909 daAuts
 Ossuary: 446 daAuts
